 Dungeon Crawl Stone Soup version 5.6-27-g44b401c (webtiles) character file.

7291 harakhte the Severer (level 12, -12/91 HPs)
             Began as a Mountain Dwarf Gladiator on July 8, 2018.
             Was a High Priest of Makhleb.
             Mangled by a cyclops (18 damage)
             ... on level 12 of the Dungeon.
             The game lasted 00:35:58 (12809 turns).

harakhte the Severer (Mountain Dwarf Gladiator)    Turns: 12809, Time: 00:35:58

Health: -12/91     AC: 23 (39%)Str: 22  XL:     12   Next: 79%
Magic:  16/16      EV: 12    Int:  8    God:    Makhleb [5*[133]]
Gold:   178        SH:  0    Dex: 17    Spells: 17/17 levels left

rFire    + . .     SeeInvis .   a - +2 broad axe (flame)
rCold    . . .     Faith    +   (no shield)
rNeg     + + .     Spirit   .   r - +2 plate armour
rPois    .         Reflect  .   Q - +1 hat {MR+}
rElec    .                      R - +0 cloak {Stlth+}
rCorr    .                      V - +0 pair of gloves
MR       +....                  U - +0 pair of boots {Stlth+}
Stlth    ..........             F - amulet of faith {!P}
Regen    0.3/turn               m - +3 ring of slaying
MPRegen  0.3/turn               p - +3 ring of protection

@: no status effects
A: horns 1, talons 1, agile, fire resistance 1, frail 1, negative energy
resistance 2, wild magic 2, sturdy frame
a: Minor Destruction, Lesser Servant of Makhleb, Hurl Damnation, Greater Servant
of Makhleb, Renounce Religion


You were on level 12 of the Dungeon.
You worshipped Makhleb.
Makhleb was extremely pleased with you.
You were not hungry.

You visited 2 branches of the dungeon, and saw 13 of its levels.
You visited the bazaar 1 time.
You also visited: Ossuary and Volcano.

You collected 892 gold pieces.
You spent 714 gold pieces at shops.


Innate Abilities, Weirdness & Mutations

Your spells are harder to cast, but more powerful.
Your movements are less encumbered by armour. (ER -6)
You have a pair of small horns on your head.
You have sharp toenails.
You are agile. (Dex +5)
Your flesh is heat resistant. (rF+)
You are frail. (-10% HP)
You are quite resistant to negative energy. (rN++)


   Skills:
 + Level 11.8 Fighting
 * Level 16.1 Axes
 - Level 1.7 Throwing
 - Level 8.0 Armour
 + Level 5.5 Dodging
 - Level 1.0 Shields
 - Level 8.0 Invocations


You had 17 spell levels left.
You didn't know any spells.
Your spell library contained the following spells:

 Spells                   Type           Power        Failure   Level  Hunger
 Cause Fear               Hex            0 (200)      100%        4    N/A
 Magic Dart               Air            0 (25)       91%         1    N/A
 Fireball                 Fire           0 (200)      100%        5    N/A
 Conjure Flame            Fire/Air       0 (100)      99%         3    N/A
 Slow                     Hex            0 (100)      97%         2    N/A
 Summon Small Mammal      Summ           0 (25)       91%         1    N/A
 Blink                    Tloc           N/A          97%         2    N/A
 Sticky Flame             Fire           0 (100)      100%        4    N/A
 Summon Ice Beast         Ice/Summ       0 (100)      100%        4    N/A
 Call Imp                 Summ           0 (100)      97%         2    N/A
 Sublimation of Blood     Necr           0 (200)      97%         2    N/A
 Flame Tongue             Fire           0 (40)       91%         1    N/A
 Passwall                 Tmut/Erth      0 (200)      97%         2    N/A
 Call Canine Familiar     Summ           0 (100)      99%         3    N/A
 Corona                   Hex            0 (90)       91%         1    N/A
 Portal Projectile        Hex/Tloc       0 (50)       99%         3    N/A
 Leda's Liquefaction      Hex/Erth       0 (200)      100%        4    N/A
 Searing Ray              Fire           0 (50)       97%         2    N/A
 Summon Lightning Spire   Summ/Air       0 (100)      100%        4    N/A
 Summon Guardian Golem    Hex/Summ       0 (100)      99%         3    N/A

Dungeon Overview and Level Annotations

Branches:
Dungeon (12/15)            Bazaar (1/1)

Altars:
Cheibriados
Dithmenos
Elyvilon
Gozag
Jiyva
Kikubaaqudgha
Lugonu
Makhleb
Nemelex Xobeh
Okawaru
Qazlal
Ru
Sif Muna
Trog
Uskayaw
Vehumet
Wu Jian
Xom
Yredelemnul
Zin
The Shining One

Shops:
Bazaar [}[}:[

Inventory:

Hand Weapons
 a - a +2 broad axe of flaming (weapon)
   (You found it in a volcano)
 b - the +7 hand axe of Turmoil {devast, Dex+4, hi simm i fixed it}
   (You found it on level 6 of the Dungeon)

   Attacks with this weapon are slower, but deal significantly more damage.
   It affects your dexterity (+4).
 B - a +1 battleaxe
 E - the +8 whip "Vofez" {freeze, rC+}
   (You found it on level 8 of the Dungeon)

   It has been specially enchanted to freeze those struck by it, causing extra
   injury to most foes and up to half again as much damage against particularly
   susceptible opponents.
   It can also slow down cold-blooded creatures.
   It protects you from cold.
 P - a +5 war axe of flaming
   (You found it in a volcano)
Missiles
 d - 119 poisoned darts (quivered)
 e - 20 curare darts
Armour
 r - a +2 plate armour (worn)
 u - the +1 ring mail "Deygh" {rElec Dex+5}
   (You found it on level 5 of the Dungeon)

   It affects your dexterity (+5).
   It insulates you from electricity.
 I - a +0 chain mail of fire resistance
   (You found it on level 10 of the Dungeon)
 Q - a +1 hat of magic resistance (worn)
   (You took it off Gastronok on level 11 of the Dungeon)
 R - a +0 cloak of stealth (worn)
   (You bought it in a shop in a bazaar)
 U - a +0 pair of boots of stealth (worn)
   (You found it on level 12 of the Dungeon)
 V - a +0 pair of gloves (worn)
Jewellery
 j - an uncursed ring of positive energy
 m - a +3 ring of slaying (left hand)
 p - a +3 ring of protection (right hand)
 q - an uncursed ring of resist corrosion
 F - an amulet of faith (around neck) {!P}
Wands
 D - a wand of iceblast (4)
 G - a wand of paralysis (7)
 K - a wand of acid (8)
Scrolls
 h - 3 scrolls of teleportation {@r4}
 k - 10 scrolls of amnesia
 y - 2 scrolls of magic mapping
 J - a scroll of blinking
 L - a scroll of fog
Potions
 g - 3 potions of cancellation
 i - 2 potions of magic
 l - 6 potions of flight
 s - 3 potions of resistance
 M - a potion of haste {@q3}
 N - 2 potions of berserk rage
 T - a potion of mutation
Miscellaneous
 S - a sack of spiders

+...[...... #..
.....#......8... #..
....#.8........ #..
#...#...#########..
#...#...+..........
#...# #......D...
#.).# #$.........
####...#####...######+
#.##.@.........#
##.[.C.........#
##..#...........#
#...############# #
#P......# #.##......#
#.. .#.......#####...
#..P.......#.#..#..
...................


You could see a cyclops.


Message History

The centaur warrior shoots an arrow.
The arrow hits you (13)!
* * * LOW HITPOINT WARNING * * *
The centaur warrior shoots an arrow.
The arrow barely misses you (0).
There is an open door here.
The centaur warrior shoots an arrow.
The arrow misses you (0).
The centaur warrior unwields a +0 longbow.
The centaur warrior hits you but does no damage.
There is an open door here.
You hit the centaur warrior (6).
There is a fiery explosion!
The centaur warrior is burned (1)!
The centaur warrior is lightly wounded.
The centaur warrior hits you (6).
* * * LOW HITPOINT WARNING * * *
The centaur warrior hits you but does no damage.
You closely miss the centaur warrior.
The centaur warrior is lightly wounded.
The cyclops throws a large rock.
The large rock misses you (0).
The centaur warrior hits you but does no damage.
You slice the centaur warrior (32)!!
There is a fiery explosion!
The centaur warrior is burned (2)!
You headbutt the centaur warrior (8)!
The centaur warrior is almost dead.
You hear an angry hiss.
A black mamba skeleton comes into view.
The centaur warrior hits you but does no damage.
You slash the centaur warrior (11)!
There is a fiery explosion!
You kill the centaur warrior!
Makhleb accepts your kill.
You feel better.
Your Axes skill increases to level 16!
The cyclops throws a large rock.
The large rock hits you (26)!!
* * * LOW HITPOINT WARNING * * *
The cyclops throws a large rock.
The large rock hits you (25)!!
* * * LOW HITPOINT WARNING * * *
A steam dragon comes into view.
The cyclops throws a large rock.
The large rock barely misses you (0). The steam dragon breathes steam at you.
The ball of steam hits you!
Okay, then.
The steam dragon breathes steam at you. The ball of steam hits you!
Unknown command.
The steam dragon breathes steam at you. The ball of steam misses you.
There is an open door here.
You close the door.
You start resting.
Something unseen opens the door.
The steam dragon bites you but does no damage.
The steam dragon claws you but does no damage.
You slice the steam dragon (28)!!
There is a fiery explosion!
The steam dragon is burned (6)!
You kill the steam dragon!
Makhleb accepts your kill.
The +0 steam dragon scales are intact enough to wear.
The cyclops throws a large rock.
The large rock hits you (9)!
* * * LOW HITPOINT WARNING * * *
There is an open door, spattered with blood here.
You see here +0 steam dragon scales.
The cyclops hits you (4).
* * * LOW HITPOINT WARNING * * *
The cyclops barely misses you.
You see here a +1 pair of boots.
You hit the cyclops (3).
There is a fiery explosion!
The cyclops is burned (1)!
The cyclops is lightly wounded.
You slice the cyclops (18)!!
There is a fiery explosion!
The cyclops is burned (5)!
You headbutt the cyclops, but do no damage.
The cyclops is heavily wounded.
The cyclops hits you (18)!!
You die...

Action                   |  1- 3 |  4- 6 |  7- 9 | 10-12 || total
-------------------------+-------+-------+-------+-------++-------
Melee: War axe           |    70 |    55 |       |   267 ||   392
       Battleaxe         |       |    63 |    99 |       ||   162
       Hand axe          |       |       |   114 |    59 ||   173
       Headbutt          |       |       |       |   102 ||   102
       Broad axe         |       |       |       |    86 ||    86
Invok: Minor Destruction |       |       |       |     2 ||     2
  Use: Scroll            |       |     3 |     2 |     2 ||     7
       Potion            |       |       |     2 |     3 ||     5
 Stab: Sleeping          |       |       |     1 |       ||     1
Armor: Leather armour    |     4 |       |       |       ||     4
       Ring mail         |    25 |    18 |    85 |    18 ||   146
       Plate armour      |       |    39 |     3 |   179 ||   221
Dodge: Dodged            |    55 |    62 |   148 |   195 ||   460

Vault maps used:
D:1:      matt_arrival_diagonals, hangedman_decor_lopped, hellmonk_loss
D:2:      lemuel_doored_altar
D:3:      lemuel_blue_sif_altar, chequers_ecumenical_altar_twisty,
          eino_tiny_chamber, bloody_trog
D:4:      nicolae_overflow_crystal_walls, overflow_temple_1_default,
          old_standard_altar, elyvilon_altar_1, uniq_blork_the_orc
D:5:      overflow_temple_1_default, marbit_many_paths, minitemple
D:6:      old_standard_altar, makhleb_altar_promises_db,
          grunt_dithmenos_smoke_and_mirrors, uniq_pikel
D:7:      okawaru_metal_pillars_1_2, zin_academy, vehumet_altar_wand_db,
          lemuel_round_altar, enter_ossuary_5
D:8:      hangedman_decor_opposing, minivault_23, trog_three_pillars_becter
D:9:      zaba_anthell
D:10:     lemuel_slime, corexii_hall_statues_l
D:11:     serial_corexii_hall, corexii_hall_statues_x, corexii_hall_statues_u,
          corexii_hall_statues_x, corexii_hall_statues_s, serial_shops,
          bzr_entry_grove, enter_volcano_2, uniq_gastronok, uniq_grum
D:12:     kennysheep_blocky_room
Bazaar:   bazaar_short_row
Ossuary:  ossuary_tomb_2
Volcano:  volcano_overflow

Notes
Turn   | Place    | Note
-------+----------+-------------------------------------------
     0 | D:1      | harakhte the Mountain Dwarf Gladiator began the quest for the Orb.
     0 | D:1      | Reached XP level 1. HP: 17/17 MP: 2/2
    18 | D:1      | Reached skill level 4 in Axes
    18 | D:1      | Reached XP level 2. HP: 18/23 MP: 3/3
   422 | D:1      | Reached skill level 3 in Fighting
   626 | D:1      | Reached XP level 3. HP: 27/29 MP: 4/4
  1039 | D:2      | Found an ancient bone altar of Kikubaaqudgha.
  1141 | D:2      | Reached skill level 1 in Armour
  1141 | D:2      | Reached skill level 1 in Shields
  1182 | D:2      | Reached XP level 4. HP: 21/35 MP: 6/6
  1725 | D:3      | Reached skill level 5 in Axes
  1759 | D:3      | Reached XP level 5. HP: 27/42 MP: 8/8
  1976 | D:3      | Found a faded altar of an unknown god.
  2024 | D:3      | Reached skill level 4 in Fighting
  2137 | D:3      | Found a bloodstained altar of Trog.
  2183 | D:3      | HP: 10/42 [poisoned by an adder]
  2562 | D:3      | Found a deep blue altar of Sif Muna.
  2664 | D:4      | Noticed Blork the orc
  2671 | D:4      | Killed Blork the orc
  2671 | D:4      | Reached skill level 6 in Axes
  2671 | D:4      | Reached skill level 2 in Armour
  2671 | D:4      | Gained mutation: Your spells are a little harder to cast, but a little more powerful. [Mountain Dwarf growth]
  2671 | D:4      | Reached XP level 6. HP: 48/48 MP: 8/8
  2996 | D:4      | Found a shadowy altar of Dithmenos.
  3038 | D:4      | Found a basalt altar of Yredelemnul.
  3053 | D:4      | HP: 11/49 [ogre/+0 giant club (21)]
  3334 | D:4      | Found an ornate altar of the Wu Jian Council.
  3487 | D:4      | Reached skill level 3 in Armour
  3568 | D:4      | Found a white marble altar of Elyvilon.
  3719 | D:4      | Gained mutation: You have sharp toenails. [mutagenic hatch]
  3719 | D:5      | Entered Level 5 of the Dungeon
  3723 | D:5      | Reached skill level 5 in Fighting
  3723 | D:5      | Reached skill level 7 in Axes
  3723 | D:5      | Reached XP level 7. HP: 56/56 MP: 10/10
  3826 | D:5      | Got the +1 ring mail "Deygh" {rElec Dex+5}
  3886 | D:5      | Found a viscous altar of Jiyva.
  3936 | D:5      | HP: 13/56 [wyvern zombie (4)]
  3942 | D:5      | Reached skill level 8 in Axes
  4113 | D:5      | Found a corrupted altar of Lugonu.
  4115 | D:5      | Found a hide-covered altar of Uskayaw.
  4115 | D:5      | Found a sparkling altar of Nemelex Xobeh.
  4120 | D:5      | Found a shimmering altar of Xom.
  4121 | D:5      | Found a sacrificial altar of Ru.
  4122 | D:5      | Found a snail-covered altar of Cheibriados.
  4192 | D:5      | Reached skill level 3 in Dodging
  4242 | D:5      | Reached XP level 8. HP: 64/64 MP: 11/11
  4268 | D:5      | Found a glowing golden altar of the Shining One.
  4507 | D:6      | Found a burning altar of Makhleb.
  4507 | D:6      | Noticed an Executioner
  4510 | D:6      | Noticed an orange demon
  4512 | D:6      | Became a worshipper of Makhleb the Destroyer
  4585 | D:6      | Reached skill level 6 in Fighting
  4675 | D:6      | Noticed Pikel
  4689 | D:6      | Killed Pikel
  4689 | D:6      | Reached skill level 9 in Axes
  4689 | D:6      | Reached skill level 4 in Armour
  4689 | D:6      | Reached skill level 2 in Invocations
  4831 | D:6      | Noticed a wraith
  4833 | D:6      | Found a shadowy altar of Dithmenos.
  4848 | D:6      | Killed a wraith
  5019 | D:6      | Reached XP level 9. HP: 70/71 MP: 12/12
  5172 | D:6      | Got the +7 hand axe of Turmoil {devast, Dex+4, hi simm i fixed it}
  5214 | D:6      | Reached skill level 4 in Dodging
  5217 | D:6      | Reached skill level 7 in Fighting
  5227 | D:6      | Found a stormy altar of Qazlal.
  5495 | D:6      | Gained mutation: You are frail. (-10% HP) [mutagenic hatch]
  5498 | D:7      | Reached skill level 10 in Axes
  5503 | D:7      | Reached skill level 3 in Invocations
  5548 | D:7      | Found an iron altar of Okawaru.
  5598 | D:7      | Found a glowing silver altar of Zin.
  5648 | D:7      | Found a radiant altar of Vehumet.
  5810 | D:7      | Found a sand-covered staircase.
  5903 | Ossuary  | Entered an ossuary
  5919 | Ossuary  | Reached * piety under Makhleb
  6109 | D:7      | Found an opulent altar of Gozag.
  6201 | D:7      | Reached skill level 4 in Invocations
  6533 | D:7      | Gained mutation: Your flesh is heat resistant. (rF+) [mutagenic hatch]
  6544 | D:8      | Reached ** piety under Makhleb
  6544 | D:8      | Reached skill level 11 in Axes
  6684 | D:8      | Reached skill level 8 in Fighting
  6929 | D:8      | Reached skill level 5 in Invocations
  7067 | D:8      | Reached XP level 10. HP: 73/73 MP: 13/13
  7257 | D:8      | Found a bloodstained altar of Trog.
  7374 | D:8      | Got the +8 whip "Vofez" {freeze, rC+}
  7730 | D:8      | Gained mutation: You have a pair of small horns on your head. [mutagenic hatch]
  7778 | D:9      | Noticed a seven-headed hydra
  7785 | D:9      | Killed a seven-headed hydra
  7785 | D:9      | Reached skill level 12 in Axes
  7785 | D:9      | Reached skill level 5 in Armour
  8005 | D:9      | Reached skill level 6 in Invocations
  8175 | D:9      | Reached skill level 9 in Fighting
  8190 | D:9      | Noticed a two-headed ogre
  8196 | D:9      | Reached *** piety under Makhleb
  8214 | D:9      | Noticed a queen ant
  8227 | D:9      | Killed a two-headed ogre
  8227 | D:9      | Reached skill level 13 in Axes
  8227 | D:9      | Reached skill level 6 in Armour
  8249 | D:9      | HP: 2/74 [poisoned by a queen ant]
  8254 | D:9      | Killed a queen ant
  8254 | D:9      | Reached skill level 7 in Invocations
  8254 | D:9      | Reached XP level 11. HP: 38/81 MP: 15/15
  8281 | D:9      | HP: 20/81 [worker ant (3)]
  8888 | D:9      | Reached **** piety under Makhleb
  9250 | D:9      | Gained mutation: You are agile. (Dex +5) [mutagenic hatch]
  9250 | D:10     | Entered Level 10 of the Dungeon
  9284 | D:10     | Reached skill level 10 in Fighting
  9743 | D:10     | Reached skill level 7 in Armour
  9848 | D:10     | Reached skill level 14 in Axes
 10880 | D:10     | Gained mutation: You resist negative energy. (rN+) [mutagenic hatch]
 10880 | D:11     | Noticed a phantasmal warrior
 10880 | D:11     | Noticed a skeletal warrior
 10881 | D:11     | Noticed a death knight
 10892 | D:11     | Killed a phantasmal warrior
 10894 | D:11     | HP: 15/82 [death knight/+0 morningstar (9)]
 10895 | D:11     | Killed a skeletal warrior
 10895 | D:11     | Reached skill level 8 in Invocations
 10899 | D:11     | Killed a death knight
 10899 | D:11     | Gained mutation: Your spells are harder to cast, but more powerful. [Mountain Dwarf growth]
 10899 | D:11     | Reached XP level 12. HP: 36/89 MP: 16/16
 11106 | D:11     | Reached skill level 8 in Armour
 11206 | D:11     | Reached skill level 11 in Fighting
 11336 | D:11     | Found a dark tunnel.
 11343 | Volcano  | Entered a volcano
 11383 | Volcano  | Reached ***** piety under Makhleb
 11679 | D:11     | Noticed Gastronok
 11690 | D:11     | Killed Gastronok
 11690 | D:11     | Reached skill level 15 in Axes
 11751 | D:11     | Noticed Grum
 11760 | D:11     | Killed Grum
 11851 | D:11     | Reached skill level 5 in Dodging
 12105 | D:11     | Found a gateway to a bazaar.
 12118 | Bazaar   | Entered a bazaar
 12136 | Bazaar   | Found Cabem's Antique Armour Shoppe.
 12136 | Bazaar   | Found Tuema's Book Emporium.
 12146 | Bazaar   | Bought a +0 cloak of stealth for 494 gold pieces
 12168 | Bazaar   | Found Uneid's Gadget Shoppe.
 12179 | Bazaar   | Bought a sack of spiders for 220 gold pieces
 12187 | Bazaar   | Found Xicin's Antique Armour Shop.
 12190 | Bazaar   | Found Duthrem's Armour Shoppe.
 12190 | Bazaar   | Found Vuyvivos's Gadget Emporium.
 12384 | D:11     | Gained mutation: You are quite resistant to negative energy. (rN++) [mutagenic hatch]
 12727 | D:12     | Noticed a centaur warrior
 12739 | D:12     | Killed a centaur warrior
 12739 | D:12     | Reached skill level 16 in Axes
 12742 | D:12     | HP: 3/91 [cyclops/large rock (25)]
 12805 | D:12     | HP: 9/91 [cyclops/large rock (9)]
 12809 | D:12     | Mangled by a cyclops

Vanquished Creatures
  Gastronok (D:11)
  A hydra (D:9)
  A two-headed ogre (D:9)
  A death knight (D:11)
  A queen ant (D:9)
  A centaur warrior (D:12)
  A skeletal warrior (D:11)
  A phantasmal warrior (D:11)
  Pikel (D:6)
  A deep elf mage (D:11)
  2 ugly things (D:12)
  An orc sorcerer (D:12)
  A centaur zombie (D:12)
  2 spiny frogs
  3 gargoyles
  An efreet (Volcano)
  A freezing wraith (D:11)
  2 trolls
  A slime creature (D:10)
  3 wyverns
  A wraith (D:6)
  3 steam dragons
  2 fire elementals (Volcano)
  Grum (D:11)
  12 soldier ants (D:9)
  A spiny frog zombie (D:11)
  2 acid dragons
  A water moccasin (D:10)
  2 black bears
  7 orc warriors
  2 spiny frog skeletons
  3 ice beasts
  6 ogres
  2 wolves (D:11)
  4 centaurs
  Blork the orc (D:4)
  A bullfrog (D:9)
  A rime drake skeleton (D:12)
  A wyvern zombie (D:5)
  A water moccasin zombie (Ossuary)
  3 water moccasin skeletons
  5 crimson imps
  A scorpion (D:7)
  9 killer bees
  11 wights
  3 howler monkeys
  A bullfrog zombie (D:7)
  13 jellies
  A quasit (D:9)
  4 hounds
  2 centaur skeletons (D:10)
  10 orc priests
  3 orc wizards
  35 worker ants
  6 iguanas
  3 big kobold zombies (Ossuary)
  2 mummies (Ossuary)
  11 adders
  2 shadow imps
  11 oozes
  2 adder zombies (Ossuary)
  4 dart slugs
  28 orcs
  3 quokkas
  3 giant cockroaches
  6 gnoll zombies (Ossuary)
  6 goblins
  5 hobgoblins
  6 jackals
  2 kobolds
  2 bats (D:1)
  2 frilled lizards (D:4)
  4 hobgoblin zombies (Ossuary)
  3 kobold zombies (Ossuary)
  6 orc zombies (Ossuary)
  6 rats
  7 fungi (D:10)
312 creatures vanquished.

Vanquished Creatures (others)
  4 fungi (D:10)
4 creatures vanquished.

Grand Total: 316 creatures vanquished
